 Dungeon Crawl Stone Soup version 0.28-a0-1347-g113dc556a4 (webtiles) character file.

Game seed: 4134232869127189984

9 2tousent the Sneak (level 2, 0/22 HPs)
             Began as a Naga Enchanter on Dec 29, 2021.
             Slain by a kobold (2 damage)
             ... on level 1 of the Dungeon.
             The game lasted 00:01:03 (381 turns).

2tousent the Sneak (Naga Enchanter)                  Turns: 381, Time: 00:01:03

Health: 0/22       AC:  1    Str: 10    XL:     2   Next: 12%
Magic:  5/5        EV:  9    Int: 15    God:
Gold:   0          SH:  0    Dex: 11    Spells: 5/5 levels left

rFire   . . .      SeeInvis +   a - +1 dagger
rCold   . . .      Faith    .   (no shield)
rNeg    . . .      Spirit   .   b - +0 robe
rPois   +          Reflect  .   (no helmet)
rElec   .          Harm     .   (no cloak)
rCorr   .          Rampage  .   (no gloves)
Will    .....                   (no barding)
Stlth   +++.......              (no amulet)
HPRegen 0.07/turn               (no ring)
MPRegen 0.09/turn               (no ring)

@: very slow
A: AC +0, large, see invisible, deformed body, poison resistance, slowness 2,
spit poison 1, naga tail 1
a: Spit Poison


You were on level 1 of the Dungeon.
You visited 1 branch of the dungeon, and saw 1 of its levels.

Inventory:

Hand Weapons
 a - a +1 dagger (weapon)
Armour
 b - a +0 robe (worn)
Potions
 c - a potion of invisibility


   Skills:
 + Level 1.4 Short Blades
 - Level 1.5 Dodging
 + Level 4.8 Stealth
 - Level 2.0 Spellcasting
 + Level 3.1 Hexes


You had 5 spell levels left.
You didn't know any spells.
Your spell library contained the following spells:

 Spells                   Type           Power      Damage    Failure   Level
 Ensorcelled Hibernation  Hex/Ice        12%        N/A       17%         2
 Confusing Touch          Hex            11%        N/A       19%         3
 Tukima's Dance           Hex            11%        N/A       19%         3
 Dazzling Flash           Conj/Hex       12%        N/A       34%         3


Dungeon Overview and Level Annotations

Branches:
Dungeon (1/15)

Altars:


Innate Abilities, Weirdness & Mutations

Your serpentine skin is tough. (AC +0)
You have supernaturally acute eyesight. (SInv)
Armour fits poorly on your strangely shaped body.
Your system is resistant to poisons. (rPois)
You cover ground very slowly.
You can spit poison.
You have a snake-like lower body.


Message History

The goblin barely misses you.
You hit the goblin.
You kill the goblin!
You have reached level 2!
Found a club and a mace.
You see here a +0 dagger.
You closely miss the ball python. The ball python barely misses you.
A giant cockroach comes into view.
The ball python closely misses you.
The jackal bites you but does no damage.
The jackal closely misses you.
A rat comes into view.
The jackal misses you. The ball python misses you. The jackal bites you.
The ball python bites you. The jackal bites you. The jackal barely misses you.
The jackal bites you.
You hit the jackal.
The jackal is lightly wounded.
The jackal barely misses you.
You hit the jackal but do no damage.
The jackal is lightly wounded.
The jackal barely misses you. x2
You hit the jackal.
You kill the jackal!
You hit the ball python.
The ball python is moderately wounded.
The ball python bites you.
You hit the ball python.
You kill the ball python!
You barely miss the kobold.
The kobold hits you with a +2 dagger of flaming.
The kobold burns you.
* * * LOW HITPOINT WARNING * * *
You hit the kobold but do no damage. The kobold closely misses you.
You hit the kobold but do no damage.
The kobold hits you with a +2 dagger of flaming.
* * * LOW HITPOINT WARNING * * *
The kobold burns you.
You die...

#####
#...###################
+...'..................
#...###################
#...# #...#
########...##########
#######
.......)....K@.......
.......
#.......#+######.....
####### #........ ...
#......... .
#r.........
.B..........
#............
......)...)..#


You could see a kobold.

Vanquished Creatures
  An endoplasm (D:1)
  3 goblins (D:1)
  A hobgoblin (D:1)
  A jackal (D:1)
  A ball python (D:1)
7 creatures vanquished.

Notes
Turn   | Place    | Note
-------+----------+-------------------------------------------
     0 | D:1      | 2tousent the Naga Enchanter began the quest for the Orb.
     0 | D:1      | Reached XP level 1. HP: 15/15 MP: 3/3
   366 | D:1      | Reached XP level 2. HP: 22/22 MP: 5/5
   381 | D:1      | Slain by a kobold

Illustrated notes

Levels and vault maps discovered:
D:1:      kennysheep_arrival_forest, layout_basic, minmay_surrounded

Action                   || total
-------------------------++-------
Melee: Dagger            ||    22
 Abil: Spit Poison       ||     1
 Stab: Sleeping          ||     1
Armor: Robe              ||     3
Dodge: Dodged            ||    14

Table legend: (Time is in decaauts)
 A = Elapsed time spent in this place.
 B = Non-inter-level travel time spent in this place.
 C = Inter-level travel time spent in this place.
 D = Time resting spent in this place.
 E = Time spent auto-exploring this place.
 F = Levels seen in this place.
 G = Mean time per level.
                   A        B        C        D        E       F      G
               +--------+--------+--------+--------+--------+-----+--------+
         Total |    430 |    430 |      0 |      0 |    379 |   1 |  430.0 |
       Dungeon |    430 |    430 |      0 |      0 |    379 |   1 |  430.0 |
               +--------+--------+--------+--------+--------+-----+--------+

Top non-repeatable levels by time:
     D:1: 430 daAuts
